MONTREAL Canadiens vs OTTAWA Senators

Created - 15 avril 2024 at 23:29

Goals
1 2 3 T
MONTREAL Canadiens 0 1 0 1
OTTAWA Senators 2 0 0 2
Shots
1 2 3 T
MONTREAL Canadiens 9 9 2 20
OTTAWA Senators 10 13 5 28

1st period

1. OTTAWA Senators , Cale Makar 31 (Mikko Rantanen 59, Connor McDavid 72) at 2:08
2. OTTAWA Senators , Dylan Strome 29 (Sean Durzi 24) at 3:07

Penalties :
Samuel Girard (OTT) for Slashing (Minor) at 1:42, Anthony Mantha (MTL) for Delaying the game (Minor) at 1:42, Vladimir Tarasenko (OTT) for Tripping (Minor) at 6:14, Garnet Hathaway (OTT) for Tripping (Minor) at 15:54, Connor McDavid (OTT) for Slashing (Minor) at 19:27

2nd period

3. MONTREAL Canadiens , Phillip Danault 36 (David Savard 45, Marc-Edouard Vlasic 53) at 10:41

Penalties :
Noah Dobson (MTL) for Tripping (Minor) at 4:14, Jeremy Lauzon (MTL) for Slashing (Minor) at 11:40

3rd period

No Goal

Penalties :
Mikko Rantanen (OTT) for Holding Stick (Minor) at 2:21, Vladimir Tarasenko (OTT) for Hooking (Minor) at 10:02, Ben Chiarot (OTT) for Hooking (Minor) at 10:28, Noah Dobson (MTL) for Hooking (Minor) at 15:14, Nicolas Roy (MTL) for Interference (Minor) at 18:56

Goalie Stats

Jordan Binnington (MTL), 26 saves from 28 shots - (0,929), L, 48-27-4, 60:00 minutes
Logan Thompson (OTT), 19 saves from 20 shots - (0,950), W, 53-23-4, 60:00 minutes

Players Stats for MONTREAL Canadiens

Player Name              G  A  P  +/- PIM S  H  SB GA TA FO     MP     PP MP  PK MP  
------------------------------------------------------------------------------------
Alexis Lafrenière        0  0  0   0  0   1  0  0  0  0  0/2     8:47   0:00   0:41 
Anthony Beauvillier      0  0  0   0  0   2  1  0  0  0  2/4    22:28   5:39   2:49 
Anthony Mantha           0  0  0   1  2   0  0  0  0  0  0/0    10:10   0:00   0:00 
Arthur Kaliyev           0  0  0   0  0   1  0  1  0  0  0/0     8:23   0:00   0:00 
Cole Caufield            0  0  0  -1  0   3  1  0  0  0  0/1    20:52   5:39   0:00 
David Savard             0  1  1   0  0   1  0  1  0  0  0/0    23:21   3:46   4:13 
Jeremy Lauzon            0  0  0   0  2   1  5  3  0  0  0/0    14:39   0:00   2:15 
Joe Veleno               0  0  0   0  0   1  1  0  0  0  2/5     9:56   0:00   1:33 
Marc-Edouard Vlasic      0  1  1   0  0   3  1  0  0  0  0/0    23:26   3:46   4:18 
Marco Scandella          0  0  0   0  0   0  0  1  0  0  0/0    15:39   0:00   3:14 
Michael Amadio           0  0  0   0  0   0  0  0  0  0  0/1     8:06   0:00   0:00 
Mike Matheson            0  0  0  -1  0   4  3  1  0  0  0/0    21:27   6:35   0:00 
Nicolas Roy              0  0  0  -1  2   0  0  1  0  0  3/7    17:21   4:42   3:48 
Noah Dobson              0  0  0  -1  4   1  1  1  0  0  0/0    21:25   6:35   0:00 
Phillip Danault          1  0  1   0  0   1  2  0  0  0  16/32  20:48   4:42   5:09 
Pierre-Luc Dubois        0  0  0  -1  0   1  2  0  0  0  13/24  20:52   5:39   0:00 
William Carrier          0  0  0   0  0   0  0  1  0  0  0/0     8:23   0:00   0:00 
Zach Parise              0  0  0   1  0   0  3  2  0  0  0/0    14:53   4:42   0:00 

Players Stats for OTTAWA Senators

Player Name              G  A  P  +/- PIM S  H  SB GA TA FO     MP     PP MP  PK MP  
------------------------------------------------------------------------------------
Anthony Duclair          0  0  0   0  0   0  0  1  0  0  0/0    13:31   0:00   1:34 
Ben Chiarot              0  0  0   0  2   0  2  0  0  0  0/0    19:10   0:00   4:18 
Cale Makar               1  0  1   1  0   2  0  3  0  0  0/0    24:40   3:28   4:51 
Connor McDavid           0  1  1   1  2   8  0  0  0  0  15/30  21:11   2:47   4:28 
Dylan Strome             1  0  1   0  0   2  1  0  0  0  12/19  18:47   4:13   0:51 
Garnet Hathaway          0  0  0   0  2   1  3  0  0  0  0/1    14:58   0:00   0:00 
J.J. Moser               0  0  0  -1  0   1  0  1  0  0  0/0    12:15   0:00   1:33 
K'Andre Miller           0  0  0   1  0   0  1  0  0  0  0/0    24:13   3:28   4:24 
Max Domi                 0  0  0   0  0   2  0  0  0  0  1/2    17:29   2:47   2:00 
Mikko Rantanen           0  1  1   1  2   3  2  0  0  0  0/1    24:26   2:47   4:41 
Nick Seeler              0  0  0   0  0   0  0  0  0  0  0/0     4:36   0:00   0:14 
Rasmus Sandin            0  0  0   1  0   1  0  0  0  0  0/0     4:16   3:32   0:00 
Ryan Johansen            0  0  0   0  0   3  0  0  0  0  12/23  18:34   0:00   3:35 
Samuel Girard            0  0  0   0  2   2  0  0  0  0  0/0    19:22   3:32   5:21 
Sean Durzi               0  1  1   0  0   0  1  0  0  0  0/0    11:26   0:00   0:00 
Steven Lorentz           0  0  0   0  0   0  0  0  0  0  0/0     0:00   0:00   0:00 
Tyler Bertuzzi           0  0  0   0  0   3  1  0  0  0  0/0    19:56   4:13   2:00 
Vladimir Tarasenko       0  0  0  -1  4   0  1  0  0  0  0/0    17:10   4:13   0:00 

3 Stars

1 - Cale Makar (OTT)
2 - Dylan Strome (OTT)
3 - Phillip Danault (MTL)

Power Play

MONTREAL Canadiens - 0 on 6 Attempt(s) - 0,00%
OTTAWA Senators - 0 on 4 Attempt(s) - 0,00%

Penalty Kill

MONTREAL Canadiens - 4 on 4 Attempt(s) - 100,00% - Score 0 goal in Penalty Kill
OTTAWA Senators - 6 on 6 Attempt(s) - 100,00% - Score 0 goal in Penalty Kill

Team Stat

MONTREAL Canadiens - Hits : 20 - Faceoff Wins : 36 - Blocked Shots : 12 - Penalty Minutes : 10
OTTAWA Senators - Hits : 12 - Faceoff Wins : 40 - Blocked Shots : 5 - Penalty Minutes : 14

Official

Referees : Shauna Neary and Jon McIsaac
Linesman : Ryan Daisy and Kilian McNamara

Game Notes

No Game Note

Finance

Level 1 -- Attendance: 4510 (66,28%) -- Ticket Income $451,000
Level 2 -- Attendance: 4081 (70,36%) -- Ticket Income $244,860
Level 3 -- Attendance: 2081 (52,03%) -- Ticket Income $72,835
Level 4 -- Attendance: 4479 (89,54%) -- Ticket Income $89,580
Luxury Box -- Attendance: 832 (78,86%) -- Ticket Income $166,400
Game was played at the Canadian Tire Centre.
Total Attendance: 15983 (70,53%)
Total Ticket Income: $1,024,675
Other Income: $256,169
Total Income: $1,280,844

MONTREAL Canadiens

5 vs 5 Forward 
   Center                   Left Wing                Right Wing               Time % Phy DF OF 
 1 Pierre-Luc Dubois        Cole Caufield            Anthony Beauvillier      40     1   2  2  
 2 Phillip Danault          Zach Parise              Anthony Mantha           30     1   2  2  
 3 Nicolas Roy              Alexis Lafrenière        Michael Amadio           20     1   2  2  
 4 Joe Veleno               William Carrier          Arthur Kaliyev           10     1   2  2  

5 vs 5 Defense 
   Defense                  Defense                                           Time % Phy DF OF 
 1 Noah Dobson              Mike Matheson                                     40     1   2  2  
 2 David Savard             Marc-Edouard Vlasic                               40     1   2  2  
 3 Marco Scandella          Jeremy Lauzon                                     10     1   2  2  
 4 Noah Dobson              Mike Matheson                                     10     1   2  2  

PowerPlay Forward 
   Center                   Left Wing                Right Wing               Time % Phy DF OF 
 1 Pierre-Luc Dubois        Cole Caufield            Anthony Beauvillier      70     1   2  2  
 2 Phillip Danault          Zach Parise              Nicolas Roy              30     1   2  2  

PowerPlay Defense
   Defense                  Defense                                           Time % Phy DF OF 
 1 Noah Dobson              Mike Matheson                                     70     1   2  2  
 2 David Savard             Marc-Edouard Vlasic                               30     1   2  2  

Penalty Kill 4 Players Forward 
   Center                   Wing                     Time % Phy DF OF 
 1 Phillip Danault          Nicolas Roy              60     1   2  2  
 2 Joe Veleno               Anthony Beauvillier      40     1   2  2  

Penalty Kill 4 Players Defense
   Defense                  Defense                  Time % Phy DF OF 
 1 David Savard             Marc-Edouard Vlasic      60     1   2  2  
 2 Marco Scandella          Jeremy Lauzon            40     1   2  2  

Penalty Kill - 3 Players Forward 
   Forward                                           Time % Phy DF OF 
 1 Phillip Danault                                   60     1   2  2  
 2 Nicolas Roy                                       40     1   2  2  

Penalty Kill - 3 Players Defense
   Defense                  Defense                  Time % Phy DF OF 
 1 David Savard             Marc-Edouard Vlasic      60     1   2  2  
 2 Marco Scandella          Jeremy Lauzon            40     1   2  2  

4 vs 4 Forward 
   Center                   Wing                     Time % Phy DF OF 
 1 Pierre-Luc Dubois        Cole Caufield            60     1   2  2  
 2 Phillip Danault          Nicolas Roy              40     1   2  2  

4 vs 4 Defense
   Defense                  Defense                  Time % Phy DF OF 
 1 Noah Dobson              Mike Matheson            60     1   2  2  
 2 David Savard             Marc-Edouard Vlasic      40     1   2  2  

Last Minutes Offensive
   Center                   Left Wing                Right Wing               Defense                  Defense                  
   Pierre-Luc Dubois        Cole Caufield            Nicolas Roy              Noah Dobson              Mike Matheson            

Last Minutes Defensive
   Center                   Left Wing                Right Wing               Defense                  Defense                  
   Phillip Danault          Anthony Beauvillier      Nicolas Roy              David Savard             Marc-Edouard Vlasic      

Goaltenders
Starting : Jordan Binnington        
Backup : Petr Mrazek              

Extra Forwards
Normal : Alexis Lafrenière, Anthony Mantha, Zach Parise - PP : Cole Caufield, Michael Amadio - PK : Alexis Lafrenière
Extra Defensemen
Normal : Marco Scandella, Marc-Edouard Vlasic, David Savard - PP : Marco Scandella - PK : Marc-Edouard Vlasic, David Savard
Penalty Shots
Phillip Danault, Cole Caufield, Pierre-Luc Dubois, Anthony Beauvillier, Nicolas Roy

Scratches
Max Comtois (Healthy), Simon Benoit (Healthy), Luke Evangelista (Healthy)

OTTAWA Senators

5 vs 5 Forward 
   Center                   Left Wing                Right Wing               Time % Phy DF OF 
 1 Connor McDavid           Max Domi                 Mikko Rantanen           40     1   2  2  
 2 Dylan Strome             Tyler Bertuzzi           Vladimir Tarasenko       30     1   2  2  
 3 Ryan Johansen            Anthony Duclair          Garnet Hathaway          20     1   2  2  
 4 Ryan Johansen            Garnet Hathaway          Mikko Rantanen           10     1   2  2  

5 vs 5 Defense 
   Defense                  Defense                                           Time % Phy DF OF 
 1 Cale Makar               K'Andre Miller                                    40     1   2  2  
 2 Samuel Girard            Ben Chiarot                                       30     1   2  2  
 3 Sean Durzi               J.J. Moser                                        20     1   2  2  
 4 Nick Seeler              Ben Chiarot                                       10     1   2  2  

PowerPlay Forward 
   Center                   Left Wing                Right Wing               Time % Phy DF OF 
 1 Connor McDavid           Max Domi                 Mikko Rantanen           60     1   2  2  
 2 Dylan Strome             Tyler Bertuzzi           Vladimir Tarasenko       40     1   2  2  

PowerPlay Defense
   Defense                  Defense                                           Time % Phy DF OF 
 1 Cale Makar               K'Andre Miller                                    60     1   2  2  
 2 Samuel Girard            Rasmus Sandin                                     40     1   2  2  

Penalty Kill 4 Players Forward 
   Center                   Wing                     Time % Phy DF OF 
 1 Connor McDavid           Mikko Rantanen           60     1   2  2  
 2 Max Domi                 Tyler Bertuzzi           40     1   2  2  

Penalty Kill 4 Players Defense
   Defense                  Defense                  Time % Phy DF OF 
 1 Cale Makar               K'Andre Miller           60     1   2  2  
 2 Samuel Girard            Ben Chiarot              40     1   2  2  

Penalty Kill - 3 Players Forward 
   Forward                                           Time % Phy DF OF 
 1 Connor McDavid                                    60     1   2  2  
 2 Mikko Rantanen                                    40     1   2  2  

Penalty Kill - 3 Players Defense
   Defense                  Defense                  Time % Phy DF OF 
 1 Cale Makar               K'Andre Miller           60     1   2  2  
 2 Samuel Girard            Ben Chiarot              40     1   2  2  

4 vs 4 Forward 
   Center                   Wing                     Time % Phy DF OF 
 1 Connor McDavid           Mikko Rantanen           60     1   2  2  
 2 Dylan Strome             Tyler Bertuzzi           40     1   2  2  

4 vs 4 Defense
   Defense                  Defense                  Time % Phy DF OF 
 1 Cale Makar               K'Andre Miller           60     1   2  2  
 2 Samuel Girard            Rasmus Sandin            40     1   2  2  

Last Minutes Offensive
   Center                   Left Wing                Right Wing               Defense                  Defense                  
   Connor McDavid           Tyler Bertuzzi           Mikko Rantanen           Cale Makar               K'Andre Miller           

Last Minutes Defensive
   Center                   Left Wing                Right Wing               Defense                  Defense                  
   Connor McDavid           Garnet Hathaway          Mikko Rantanen           Cale Makar               K'Andre Miller           

Goaltenders
Starting : Logan Thompson           
Backup : Pheonix Copley           

Extra Forwards
Normal : Mikko Rantanen, Anthony Duclair, Ryan Johansen - PP : Connor McDavid, Anthony Duclair - PK : Ryan Johansen
Extra Defensemen
Normal : Sean Durzi, J.J. Moser, Nick Seeler - PP : Sean Durzi - PK : J.J. Moser, Nick Seeler
Penalty Shots
Connor McDavid, Mikko Rantanen, Max Domi, Dylan Strome, Tyler Bertuzzi

Scratches
Boris Katchouk (Healthy), Filip Zadina (Healthy), Rasmus Asplund (Healthy)

% Time on Ice - MONTREAL Canadiens

Lines # - Real PCT - Wanted PCT - Time Play
Normal Forward
1 - 34% - 40% - 14:00
2 - 25% - 30% - 10:11
3 - 20% - 20% - 8:06
4 - 21% - 10% - 8:23
Normal Defense
1 - 34% - 40% - 13:59
2 - 35% - 40% - 14:16
3 - 31% - 10% - 12:25
4 - 0% - 10% - 0:00
PP Forward
1 - 55% - 70% - 5:39
2 - 45% - 30% - 4:42
PP Defense
1 - 64% - 70% - 6:35
2 - 36% - 30% - 3:46
PK Forward
1 - 78% - 60% - 5:27
2 - 22% - 40% - 1:33
PK Defense
1 - 54% - 60% - 3:46
2 - 46% - 40% - 3:14
PK3 Forward
1 - 0% - 60%
2 - 0% - 40%
PK3 Defense
1 - 0% - 60%
2 - 0% - 40%
44 Forward
1 - 61% - 60% - 1:13
2 - 39% - 40% - 0:46
44 Defense
1 - 45% - 60% - 0:53
2 - 55% - 40% - 1:06
Last Minute Offensive  - 0:00
Last Minute Defensive  - 0:00
Total
Forward - 60:00
Defense - 60:00

% Time on Ice - OTTAWA Senators

Lines # - Real PCT - Wanted PCT - Time Play
Normal Forward
1 - 31% - 40% - 12:42
2 - 32% - 30% - 12:59
3 - 27% - 20% - 10:52
4 - 10% - 10% - 4:07
Normal Defense
1 - 37% - 40% - 15:06
2 - 26% - 30% - 10:30
3 - 26% - 20% - 10:42
4 - 11% - 10% - 4:22
PP Forward
1 - 40% - 60% - 2:47
2 - 60% - 40% - 4:13
PP Defense
1 - 50% - 60% - 3:28
2 - 50% - 40% - 3:32
PK Forward
1 - 77% - 60% - 6:48
2 - 23% - 40% - 2:00
PK Defense
1 - 48% - 60% - 4:14
2 - 52% - 40% - 4:34
PK3 Forward
1 - 85% - 60% - 1:19
2 - 15% - 40% - 0:14
PK3 Defense
1 - 44% - 60% - 0:41
2 - 56% - 40% - 0:52
44 Forward
1 - 63% - 60% - 1:15
2 - 37% - 40% - 0:44
44 Defense
1 - 63% - 60% - 1:15
2 - 37% - 40% - 0:44
Last Minute Offensive  - 0:00
Last Minute Defensive  - 0:00
Total
Forward - 60:00
Defense - 60:00

Play-by-Play

1st period


0:01 of 1st period - Connor McDavid wins face-off versus Anthony Beauvillier in neutral zone.
0:21 of 1st period - Mikko Rantanen is hit by Mike Matheson and loses puck.
0:27 of 1st period - Mikko Rantanen is hit by Mike Matheson and loses puck.
0:37 of 1st period - Icing by Mike Matheson.
0:38 of 1st period - Dylan Strome wins face-off versus Pierre-Luc Dubois in MONTREAL Canadiens zone.
0:38 of 1st period - Dylan Strome is hit by Noah Dobson.
0:57 of 1st period - Cole Caufield is hit by Ben Chiarot and loses puck.
1:36 of 1st period - Ben Chiarot is hit by Zach Parise and loses puck.
1:42 of 1st period - Minor Penalty to Samuel Girard for Slashing.
1:42 of 1st period - Minor Penalty to Anthony Mantha for Delaying the game.
1:43 of 1st period - Pierre-Luc Dubois wins face-off versus Connor McDavid in OTTAWA Senators zone.
1:46 of 1st period - Shot by Pierre-Luc Dubois.
1:46 of 1st period - Shot Misses the Net.
1:49 of 1st period - Icing by Cale Makar.
1:50 of 1st period - Pierre-Luc Dubois wins face-off versus Connor McDavid in OTTAWA Senators zone.
1:56 of 1st period - Icing by Cale Makar.
1:57 of 1st period - Connor McDavid wins face-off versus Phillip Danault in OTTAWA Senators zone.
2:04 of 1st period - Shot by Mikko Rantanen.
2:04 of 1st period - Shot Blocked by Mike Matheson.
2:06 of 1st period - Shot by Cale Makar.
2:06 of 1st period - Shot Misses the Net.
2:08 of 1st period - Shot by Cale Makar.
2:08 of 1st period - Goal by Cale Makar - MONTREAL Canadiens : 0 - OTTAWA Senators : 1.
2:09 of 1st period - Connor McDavid wins face-off versus Pierre-Luc Dubois in neutral zone.
2:09 of 1st period - Connor McDavid is hit by Pierre-Luc Dubois.
3:07 of 1st period - Shot by Dylan Strome.
3:07 of 1st period - Goal by Dylan Strome - MONTREAL Canadiens : 0 - OTTAWA Senators : 2.
3:08 of 1st period - Phillip Danault wins face-off versus Dylan Strome in neutral zone.
3:20 of 1st period - Shot by Dylan Strome.
3:20 of 1st period - Shot Misses the Net.
3:22 of 1st period - Shot by Rasmus Sandin.
3:22 of 1st period - Shot Misses the Net.
3:24 of 1st period - Shot by Sean Durzi.
3:24 of 1st period - Shot Blocked by Noah Dobson.
3:56 of 1st period - Off-side.
3:57 of 1st period - Nicolas Roy wins face-off versus Connor McDavid in neutral zone.
4:17 of 1st period - Shot by Mikko Rantanen.
4:17 of 1st period - Shot Misses the Net.
4:19 of 1st period - Shot by K'Andre Miller.
4:19 of 1st period - Deflect By Mikko Rantanen.
4:19 of 1st period - Shot Blocked by Nicolas Roy.
4:23 of 1st period - Shot by Connor McDavid.
4:23 of 1st period - Stopped by Jordan Binnington without a rebound.
4:24 of 1st period - Ryan Johansen wins face-off versus Pierre-Luc Dubois in MONTREAL Canadiens zone.
4:25 of 1st period - Shot by J.J. Moser.
4:25 of 1st period - Stopped by Jordan Binnington with a rebound.
4:27 of 1st period - Shot by Ryan Johansen.
4:27 of 1st period - Stopped by Jordan Binnington without a rebound.
4:28 of 1st period - Phillip Danault wins face-off versus Ryan Johansen in MONTREAL Canadiens zone.
4:28 of 1st period - Phillip Danault is hit by Garnet Hathaway.
4:42 of 1st period - Shot by Phillip Danault.
4:42 of 1st period - Shot Blocked by J.J. Moser.
5:19 of 1st period - Icing by J.J. Moser.
5:20 of 1st period - Pierre-Luc Dubois wins face-off versus Ryan Johansen in OTTAWA Senators zone.
5:27 of 1st period - Shot by Pierre-Luc Dubois.
5:27 of 1st period - Stopped by Logan Thompson without a rebound.
5:28 of 1st period - Anthony Beauvillier wins face-off versus Connor McDavid in OTTAWA Senators zone.
6:05 of 1st period - Shot by Pierre-Luc Dubois.
6:05 of 1st period - Shot Misses the Net.
6:07 of 1st period - Shot by Mike Matheson.
6:07 of 1st period - Stopped by Logan Thompson without a rebound.
6:08 of 1st period - Dylan Strome wins face-off versus Michael Amadio in OTTAWA Senators zone.
6:14 of 1st period - Minor Penalty to Vladimir Tarasenko for Tripping.
6:15 of 1st period - Connor McDavid wins face-off versus Phillip Danault in OTTAWA Senators zone.
6:39 of 1st period - Shot by Marc-Edouard Vlasic.
6:39 of 1st period - Stopped by Logan Thompson without a rebound.
6:40 of 1st period - Connor McDavid wins face-off versus Pierre-Luc Dubois in OTTAWA Senators zone.
6:59 of 1st period - Shot by Pierre-Luc Dubois.
6:59 of 1st period - Shot Misses the Net.
7:01 of 1st period - Shot by Cole Caufield.
7:01 of 1st period - Stopped by Logan Thompson without a rebound.
7:02 of 1st period - Connor McDavid wins face-off versus Phillip Danault in OTTAWA Senators zone.
7:25 of 1st period - Shot by Samuel Girard.
7:25 of 1st period - Shot Misses the Net.
8:16 of 1st period - Arthur Kaliyev is hit by Garnet Hathaway and loses puck.
8:21 of 1st period - Marco Scandella is hit by Garnet Hathaway and loses puck.
8:31 of 1st period - Ryan Johansen is hit by Jeremy Lauzon.
8:44 of 1st period - Off-side.
8:45 of 1st period - Connor McDavid wins face-off versus Pierre-Luc Dubois in neutral zone.
8:56 of 1st period - Shot by Mikko Rantanen.
8:56 of 1st period - Stopped by Jordan Binnington without a rebound.
8:57 of 1st period - Dylan Strome wins face-off versus Nicolas Roy in MONTREAL Canadiens zone.
9:26 of 1st period - David Savard is hit by Sean Durzi and loses puck.
10:11 of 1st period - Icing by Ben Chiarot.
10:12 of 1st period - Ryan Johansen wins face-off versus Pierre-Luc Dubois in OTTAWA Senators zone.
11:26 of 1st period - Shot by Phillip Danault.
11:26 of 1st period - Shot Blocked by Cale Makar.
14:07 of 1st period - Shot by Cole Caufield.
14:07 of 1st period - Stopped by Logan Thompson with a rebound.
14:09 of 1st period - Shot by Anthony Beauvillier.
14:09 of 1st period - Shot Misses the Net.
14:45 of 1st period - Icing by Anthony Mantha.
14:46 of 1st period - Max Domi wins face-off versus Phillip Danault in MONTREAL Canadiens zone.
15:00 of 1st period - Off-side.
15:01 of 1st period - Ryan Johansen wins face-off versus Nicolas Roy in neutral zone.
15:12 of 1st period - Shot by Ryan Johansen.
15:12 of 1st period - Stopped by Jordan Binnington without a rebound.
15:13 of 1st period - Phillip Danault wins face-off versus Connor McDavid in MONTREAL Canadiens zone.
15:20 of 1st period - Shot by Connor McDavid.
15:20 of 1st period - Stopped by Jordan Binnington with a rebound.
15:22 of 1st period - Shot by Connor McDavid.
15:22 of 1st period - Stopped by Jordan Binnington without a rebound.
15:23 of 1st period - Pierre-Luc Dubois wins face-off versus Ryan Johansen in MONTREAL Canadiens zone.
15:30 of 1st period - Ryan Johansen is hit by Mike Matheson and loses puck.
15:49 of 1st period - Shot by Garnet Hathaway.
15:49 of 1st period - Deflect By Ryan Johansen.
15:49 of 1st period - Stopped by Jordan Binnington with a rebound.
15:54 of 1st period - Minor Penalty to Garnet Hathaway for Tripping.
15:55 of 1st period - Connor McDavid wins face-off versus Phillip Danault in OTTAWA Senators zone.
17:06 of 1st period - Shot by Noah Dobson.
17:06 of 1st period - Shot Misses the Net.
17:45 of 1st period - Shot by Phillip Danault.
17:45 of 1st period - Deflect By Nicolas Roy.
17:45 of 1st period - Shot Blocked by Cale Makar.
17:47 of 1st period - Shot by Zach Parise.
17:47 of 1st period - Shot Misses the Net.
17:57 of 1st period - Shot by Jeremy Lauzon.
17:57 of 1st period - Stopped by Logan Thompson with a rebound.
18:04 of 1st period - Tyler Bertuzzi is hit by Joe Veleno and loses puck.
18:17 of 1st period - Shot by Vladimir Tarasenko.
18:17 of 1st period - Shot Misses the Net.
18:33 of 1st period - Shot by Joe Veleno.
18:33 of 1st period - Stopped by Logan Thompson with a rebound.
18:48 of 1st period - Off-side.
18:49 of 1st period - Ryan Johansen wins face-off versus Anthony Beauvillier in neutral zone.
19:06 of 1st period - Shot by Anthony Beauvillier.
19:06 of 1st period - Deflect By Cole Caufield.
19:06 of 1st period - Stopped by Logan Thompson without a rebound.
19:07 of 1st period - Phillip Danault wins face-off versus Mikko Rantanen in OTTAWA Senators zone.
19:27 of 1st period - Minor Penalty to Connor McDavid for Slashing.
19:28 of 1st period - Pierre-Luc Dubois wins face-off versus Ryan Johansen in OTTAWA Senators zone.
19:41 of 1st period - Shot by Pierre-Luc Dubois.
19:41 of 1st period - Shot Misses the Net.
19:51 of 1st period - Shot by Mike Matheson.
19:51 of 1st period - Stopped by Logan Thompson without a rebound.
19:52 of 1st period - Phillip Danault wins face-off versus Ryan Johansen in OTTAWA Senators zone.
Goals for this period are 0 for MONTREAL Canadiens vs 2 for OTTAWA Senators.
Shots for this period are 9 for MONTREAL Canadiens vs 10 for OTTAWA Senators.

2nd period


0:01 of 2nd period - Ryan Johansen wins face-off versus Pierre-Luc Dubois in neutral zone.
0:04 of 2nd period - Mike Matheson is hit by Mikko Rantanen and loses puck.
0:17 of 2nd period - Shot by Anthony Beauvillier.
0:17 of 2nd period - Stopped by Logan Thompson without a rebound.
0:18 of 2nd period - Ryan Johansen wins face-off versus Phillip Danault in OTTAWA Senators zone.
0:18 of 2nd period - K'Andre Miller is hit by Zach Parise and loses puck.
0:29 of 2nd period - Shot by Noah Dobson.
0:29 of 2nd period - Stopped by Logan Thompson without a rebound.
0:30 of 2nd period - Pierre-Luc Dubois wins face-off versus Ryan Johansen in OTTAWA Senators zone.
0:30 of 2nd period - Pierre-Luc Dubois is hit by K'Andre Miller.
0:36 of 2nd period - Shot by Marc-Edouard Vlasic.
0:36 of 2nd period - Stopped by Logan Thompson without a rebound.
0:37 of 2nd period - Anthony Beauvillier wins face-off versus Ryan Johansen in OTTAWA Senators zone.
0:42 of 2nd period - Shot by Pierre-Luc Dubois.
0:42 of 2nd period - Shot Misses the Net.
0:44 of 2nd period - Shot by Noah Dobson.
0:44 of 2nd period - Shot Misses the Net.
0:46 of 2nd period - Shot by Anthony Beauvillier.
0:46 of 2nd period - Shot Misses the Net.
0:48 of 2nd period - Shot by Mike Matheson.
0:48 of 2nd period - Stopped by Logan Thompson without a rebound.
0:49 of 2nd period - Ryan Johansen wins face-off versus Pierre-Luc Dubois in OTTAWA Senators zone.
0:58 of 2nd period - Shot by Noah Dobson.
0:58 of 2nd period - Shot Misses the Net.
1:03 of 2nd period - Anthony Beauvillier is hit by Ben Chiarot and loses puck.
1:06 of 2nd period - Shot by Mike Matheson.
1:06 of 2nd period - Stopped by Logan Thompson without a rebound.
1:07 of 2nd period - Ryan Johansen wins face-off versus Phillip Danault in OTTAWA Senators zone.
1:07 of 2nd period - Ryan Johansen is hit by Phillip Danault.
1:27 of 2nd period - David Savard is hit by Dylan Strome and loses puck.
1:46 of 2nd period - Shot by Anthony Beauvillier.
1:46 of 2nd period - Shot Misses the Net.
2:10 of 2nd period - Shot by Anthony Beauvillier.
2:10 of 2nd period - Shot Misses the Net.
2:25 of 2nd period - Icing by Mike Matheson.
2:26 of 2nd period - Pierre-Luc Dubois wins face-off versus Connor McDavid in MONTREAL Canadiens zone.
3:01 of 2nd period - Shot by Zach Parise.
3:01 of 2nd period - Shot Misses the Net.
3:49 of 2nd period - Shot by Alexis Lafrenière.
3:49 of 2nd period - Stopped by Logan Thompson with a rebound.
4:14 of 2nd period - Minor Penalty to Noah Dobson for Tripping.
4:15 of 2nd period - Phillip Danault wins face-off versus Dylan Strome in MONTREAL Canadiens zone.
4:43 of 2nd period - Shot by Dylan Strome.
4:43 of 2nd period - Stopped by Jordan Binnington with a rebound.
4:45 of 2nd period - Shot by Samuel Girard.
4:45 of 2nd period - Stopped by Jordan Binnington without a rebound.
4:46 of 2nd period - Phillip Danault wins face-off versus Dylan Strome in MONTREAL Canadiens zone.
5:01 of 2nd period - Shot by Rasmus Sandin.
5:01 of 2nd period - Shot Blocked by Marco Scandella.
5:26 of 2nd period - Shot by Cale Makar.
5:26 of 2nd period - Shot Misses the Net.
5:28 of 2nd period - Shot by Cale Makar.
5:28 of 2nd period - Stopped by Jordan Binnington with a rebound.
5:30 of 2nd period - Shot by Connor McDavid.
5:30 of 2nd period - Stopped by Jordan Binnington without a rebound.
5:31 of 2nd period - Joe Veleno wins face-off versus Max Domi in MONTREAL Canadiens zone.
5:53 of 2nd period - Shot by Cale Makar.
5:53 of 2nd period - Deflect By Mikko Rantanen.
5:53 of 2nd period - Stopped by Jordan Binnington without a rebound.
5:54 of 2nd period - Dylan Strome wins face-off versus Alexis Lafrenière in MONTREAL Canadiens zone.
6:09 of 2nd period - Shot by Dylan Strome.
6:09 of 2nd period - Shot Misses the Net.
6:11 of 2nd period - Shot by Samuel Girard.
6:11 of 2nd period - Stopped by Jordan Binnington without a rebound.
6:12 of 2nd period - Phillip Danault wins face-off versus Connor McDavid in MONTREAL Canadiens zone.
6:18 of 2nd period - Icing by Nick Seeler.
6:19 of 2nd period - Ryan Johansen wins face-off versus Joe Veleno in OTTAWA Senators zone.
6:41 of 2nd period - Icing by Ben Chiarot.
6:42 of 2nd period - Pierre-Luc Dubois wins face-off versus Ryan Johansen in OTTAWA Senators zone.
6:57 of 2nd period - Shot by Marc-Edouard Vlasic.
6:57 of 2nd period - Shot Misses the Net.
6:59 of 2nd period - Shot by Anthony Beauvillier.
6:59 of 2nd period - Shot Misses the Net.
7:19 of 2nd period - Shot by Pierre-Luc Dubois.
7:19 of 2nd period - Shot Misses the Net.
7:21 of 2nd period - Shot by David Savard.
7:21 of 2nd period - Stopped by Logan Thompson without a rebound.
7:22 of 2nd period - Connor McDavid wins face-off versus Phillip Danault in OTTAWA Senators zone.
9:20 of 2nd period - Ryan Johansen is hit by Jeremy Lauzon and loses puck.
9:56 of 2nd period - Jeremy Lauzon is hit by Mikko Rantanen and loses puck.
10:13 of 2nd period - Shot by Max Domi.
10:13 of 2nd period - Stopped by Jordan Binnington without a rebound.
10:14 of 2nd period - Dylan Strome wins face-off versus Phillip Danault in MONTREAL Canadiens zone.
10:31 of 2nd period - Shot by Dylan Strome.
10:31 of 2nd period - Shot Blocked by Zach Parise.
10:39 of 2nd period - Shot by Phillip Danault.
10:39 of 2nd period - Shot Misses the Net.
10:41 of 2nd period - Shot by Phillip Danault.
10:41 of 2nd period - Goal by Phillip Danault - MONTREAL Canadiens : 1 - OTTAWA Senators : 2.
10:42 of 2nd period - Nicolas Roy wins face-off versus Connor McDavid in neutral zone.
11:07 of 2nd period - Shot by Connor McDavid.
11:07 of 2nd period - Deflect By Mikko Rantanen.
11:07 of 2nd period - Stopped by Jordan Binnington without a rebound.
11:08 of 2nd period - Pierre-Luc Dubois wins face-off versus Ryan Johansen in MONTREAL Canadiens zone.
11:21 of 2nd period - Shot by Anthony Beauvillier.
11:21 of 2nd period - Shot Hit the Post.
11:26 of 2nd period - Ben Chiarot is hit by Pierre-Luc Dubois and loses puck.
11:32 of 2nd period - Ben Chiarot is hit by Jeremy Lauzon and loses puck.
11:40 of 2nd period - Minor Penalty to Jeremy Lauzon for Slashing.
11:41 of 2nd period - Connor McDavid wins face-off versus Phillip Danault in MONTREAL Canadiens zone.
12:16 of 2nd period - Shot by Connor McDavid.
12:16 of 2nd period - Stopped by Jordan Binnington without a rebound.
12:17 of 2nd period - Dylan Strome wins face-off versus Phillip Danault in MONTREAL Canadiens zone.
12:20 of 2nd period - Shot by Rasmus Sandin.
12:20 of 2nd period - Stopped by Jordan Binnington without a rebound.
12:21 of 2nd period - Dylan Strome wins face-off versus Phillip Danault in MONTREAL Canadiens zone.
12:32 of 2nd period - Shot by Rasmus Sandin.
12:32 of 2nd period - Shot Misses the Net.
13:02 of 2nd period - Shot by Vladimir Tarasenko.
13:02 of 2nd period - Shot Misses the Net.
13:04 of 2nd period - Shot by Samuel Girard.
13:04 of 2nd period - Shot Misses the Net.
13:06 of 2nd period - Shot by Tyler Bertuzzi.
13:06 of 2nd period - Stopped by Jordan Binnington without a rebound.
13:07 of 2nd period - Phillip Danault wins face-off versus Connor McDavid in MONTREAL Canadiens zone.
13:19 of 2nd period - Icing by Cale Makar.
13:20 of 2nd period - Phillip Danault wins face-off versus Connor McDavid in OTTAWA Senators zone.
13:21 of 2nd period - Shot by Marc-Edouard Vlasic.
13:21 of 2nd period - Shot Blocked by Cale Makar.
13:23 of 2nd period - Shot by Marc-Edouard Vlasic.
13:23 of 2nd period - Stopped by Logan Thompson with a rebound.
14:15 of 2nd period - Shot by Garnet Hathaway.
14:15 of 2nd period - Stopped by Jordan Binnington without a rebound.
14:16 of 2nd period - Connor McDavid wins face-off versus Joe Veleno in MONTREAL Canadiens zone.
14:24 of 2nd period - Connor McDavid is hit by Jeremy Lauzon and loses puck.
14:37 of 2nd period - Shot by Connor McDavid.
14:37 of 2nd period - Shot Blocked by Arthur Kaliyev.
14:39 of 2nd period - Shot by Cale Makar.
14:39 of 2nd period - Shot Misses the Net.
14:41 of 2nd period - Shot by K'Andre Miller.
14:41 of 2nd period - Shot Blocked by Jeremy Lauzon.
14:45 of 2nd period - Shot by Mikko Rantanen.
14:45 of 2nd period - Shot Misses the Net.
15:29 of 2nd period - Shot by Tyler Bertuzzi.
15:29 of 2nd period - Shot Misses the Net.
16:26 of 2nd period - Shot by Garnet Hathaway.
16:26 of 2nd period - Shot Misses the Net.
16:28 of 2nd period - Shot by Anthony Duclair.
16:28 of 2nd period - Shot Misses the Net.
16:33 of 2nd period - Anthony Duclair is hit by Jeremy Lauzon.
16:45 of 2nd period - Shot by Anthony Duclair.
16:45 of 2nd period - Shot Misses the Net.
16:47 of 2nd period - Shot by Garnet Hathaway.
16:47 of 2nd period - Shot Blocked by Jeremy Lauzon.
17:12 of 2nd period - Icing by Sean Durzi.
17:13 of 2nd period - Ryan Johansen wins face-off versus Phillip Danault in OTTAWA Senators zone.
17:13 of 2nd period - Ryan Johansen is hit by Phillip Danault.
17:55 of 2nd period - Shot by Connor McDavid.
17:55 of 2nd period - Stopped by Jordan Binnington without a rebound.
17:56 of 2nd period - Dylan Strome wins face-off versus Pierre-Luc Dubois in MONTREAL Canadiens zone.
18:12 of 2nd period - Icing by Marc-Edouard Vlasic.
18:13 of 2nd period - Connor McDavid wins face-off versus Pierre-Luc Dubois in MONTREAL Canadiens zone.
19:14 of 2nd period - Shot by Tyler Bertuzzi.
19:14 of 2nd period - Shot Misses the Net.
Goals for this period are 1 for MONTREAL Canadiens vs 0 for OTTAWA Senators.
Shots for this period are 9 for MONTREAL Canadiens vs 13 for OTTAWA Senators.

3rd period


0:01 of 3rd period - Connor McDavid wins face-off versus Phillip Danault in neutral zone.
0:20 of 3rd period - Shot by Max Domi.
0:20 of 3rd period - Stopped by Jordan Binnington without a rebound.
0:21 of 3rd period - Pierre-Luc Dubois wins face-off versus Dylan Strome in MONTREAL Canadiens zone.
0:34 of 3rd period - Shot by Anthony Beauvillier.
0:34 of 3rd period - Stopped by Logan Thompson without a rebound.
0:35 of 3rd period - Phillip Danault wins face-off versus Connor McDavid in OTTAWA Senators zone.
0:36 of 3rd period - Shot by Anthony Mantha.
0:36 of 3rd period - Shot Misses the Net.
0:52 of 3rd period - Shot by Connor McDavid.
0:52 of 3rd period - Stopped by Jordan Binnington without a rebound.
0:53 of 3rd period - Pierre-Luc Dubois wins face-off versus Dylan Strome in MONTREAL Canadiens zone.
1:28 of 3rd period - Shot by Pierre-Luc Dubois.
1:28 of 3rd period - Shot Hit the Post.
1:43 of 3rd period - Icing by Samuel Girard.
1:44 of 3rd period - Dylan Strome wins face-off versus Phillip Danault in OTTAWA Senators zone.
1:44 of 3rd period - Dylan Strome is hit by Zach Parise.
2:21 of 3rd period - Minor Penalty to Mikko Rantanen for Holding Stick.
2:22 of 3rd period - Connor McDavid wins face-off versus Cole Caufield in OTTAWA Senators zone.
2:49 of 3rd period - Shot by Mike Matheson.
2:49 of 3rd period - Shot Misses the Net.
3:02 of 3rd period - Shot by Dylan Strome.
3:02 of 3rd period - Deflect By Anthony Duclair.
3:02 of 3rd period - Shot Misses the Net.
3:53 of 3rd period - Cale Makar is hit by Cole Caufield and loses puck.
4:06 of 3rd period - Connor McDavid is hit by Anthony Beauvillier and loses puck.
4:32 of 3rd period - Off-side.
4:33 of 3rd period - Dylan Strome wins face-off versus Nicolas Roy in neutral zone.
4:53 of 3rd period - Dylan Strome is hit by Marc-Edouard Vlasic and loses puck.
5:00 of 3rd period - Shot by Tyler Bertuzzi.
5:00 of 3rd period - Stopped by Jordan Binnington without a rebound.
5:01 of 3rd period - Ryan Johansen wins face-off versus Phillip Danault in MONTREAL Canadiens zone.
5:04 of 3rd period - Shot by K'Andre Miller.
5:04 of 3rd period - Shot Blocked by Zach Parise.
5:14 of 3rd period - Shot by K'Andre Miller.
5:14 of 3rd period - Shot Blocked by Jeremy Lauzon.
6:55 of 3rd period - Shot by Arthur Kaliyev.
6:55 of 3rd period - Stopped by Logan Thompson without a rebound.
6:56 of 3rd period - Dylan Strome wins face-off versus Joe Veleno in OTTAWA Senators zone.
7:01 of 3rd period - Shot by Vladimir Tarasenko.
7:01 of 3rd period - Shot Blocked by William Carrier.
7:14 of 3rd period - Joe Veleno is hit by Tyler Bertuzzi.
9:08 of 3rd period - Off-side.
9:09 of 3rd period - Dylan Strome wins face-off versus Alexis Lafrenière in neutral zone.
9:22 of 3rd period - Shot by Dylan Strome.
9:22 of 3rd period - Shot Misses the Net.
9:25 of 3rd period - Icing by Mike Matheson.
9:26 of 3rd period - Ryan Johansen wins face-off versus Nicolas Roy in MONTREAL Canadiens zone.
10:02 of 3rd period - Minor Penalty to Vladimir Tarasenko for Hooking.
10:03 of 3rd period - Connor McDavid wins face-off versus Pierre-Luc Dubois in OTTAWA Senators zone.
10:28 of 3rd period - Minor Penalty to Ben Chiarot for Hooking.
10:29 of 3rd period - Phillip Danault wins face-off versus Connor McDavid in OTTAWA Senators zone.
12:06 of 3rd period - Off-side.
12:07 of 3rd period - Pierre-Luc Dubois wins face-off versus Connor McDavid in neutral zone.
13:17 of 3rd period - Icing by Ben Chiarot.
13:18 of 3rd period - Pierre-Luc Dubois wins face-off versus Ryan Johansen in OTTAWA Senators zone.
13:25 of 3rd period - Shot by Pierre-Luc Dubois.
13:25 of 3rd period - Shot Misses the Net.
13:47 of 3rd period - Shot by Anthony Beauvillier.
13:47 of 3rd period - Shot Blocked by Anthony Duclair.
14:04 of 3rd period - Off-side.
14:05 of 3rd period - Joe Veleno wins face-off versus Connor McDavid in neutral zone.
15:14 of 3rd period - Shot by Tyler Bertuzzi.
15:14 of 3rd period - Stopped by Jordan Binnington without a rebound.
15:14 of 3rd period - Minor Penalty to Noah Dobson for Hooking.
15:15 of 3rd period - Phillip Danault wins face-off versus Dylan Strome in MONTREAL Canadiens zone.
15:15 of 3rd period - Phillip Danault is hit by Vladimir Tarasenko.
15:33 of 3rd period - Shot by Rasmus Sandin.
15:33 of 3rd period - Deflect By Vladimir Tarasenko.
15:33 of 3rd period - Shot Blocked by David Savard.
15:35 of 3rd period - Shot by Rasmus Sandin.
15:35 of 3rd period - Shot Misses the Net.
15:47 of 3rd period - Shot by Samuel Girard.
15:47 of 3rd period - Shot Misses the Net.
16:11 of 3rd period - Shot by Connor McDavid.
16:11 of 3rd period - Stopped by Jordan Binnington without a rebound.
16:12 of 3rd period - Phillip Danault wins face-off versus Connor McDavid in MONTREAL Canadiens zone.
17:50 of 3rd period - Icing by Anthony Duclair.
17:51 of 3rd period - Phillip Danault wins face-off versus Garnet Hathaway in OTTAWA Senators zone.
18:11 of 3rd period - Icing by J.J. Moser.
18:12 of 3rd period - Nicolas Roy wins face-off versus Ryan Johansen in OTTAWA Senators zone.
18:56 of 3rd period - Minor Penalty to Nicolas Roy for Interference.
18:57 of 3rd period - Phillip Danault wins face-off versus Dylan Strome in MONTREAL Canadiens zone.
Goals for this period are 0 for MONTREAL Canadiens vs 0 for OTTAWA Senators.
Shots for this period are 2 for MONTREAL Canadiens vs 5 for OTTAWA Senators. Output by the SimonT Hockey Simulator (STHS) for Martin Benoit - Original Page W3C HTML5 Valid
Hockey Simulator - Hockey Simulation - Hockey Manager